 Dungeon Crawl Stone Soup version 0.32-a0-711-g016ad743e0 (webtiles) character file.

Game seed: 15740086614506612786

2571138 MagicSucks the Slayer (level 27, 261/261 HPs)
             Began as a Naga Chaos Knight on Mar 15, 2024.
             Was an Elder of Jiyva.
             Escaped with the Orb
             ... and 4 runes
             ... and 1 gem!
             The game lasted 01:53:09 (63697 turns).

MagicSucks the Slayer (Naga Chaos Knight)          Turns: 63697, Time: 01:53:10

Health: 261/261    AC: 62    Str: 29    XL:     27
Magic:  23/23      EV:  7    Int: 15    God:    Jiyva [****..]
Gold:   2855       SH: 19    Dex:  6    Spells: 26/26 levels left

rFire   + + .        a - +11 Singing Sword {sonic wave}
rCold   + + +        g - +0 kite shield {rF+}
rNeg    + . .        L - +9 gold dragon scales
rPois   +            R - +2 hood of the Assassin {Detect Stab+ Stlth++}
rElec   +            c - +0 cloak of Xom's Grace {rElec rC+++ Str+3 Dex-5}
rCorr   +            f - +0 pair of gloves
SInv    +            n - +1 barding
Will    +++..        U - macabre finger necklace {Finger+ rN+} Stlth
                     b - +4 ring of protection
HPRegen 1.91/turn    Y - ring of Zin's Approval {Fly rPois rC+ Slay+4}
MPRegen 0.82/turn    P - +4 ring of protection

%: clarity
@: flying, studying Dodging, very slow
A: AC +9, large, see invisible, deformed body, poison resistance, slowness 2,
spit poison 2, naga tail 2, beak, large bone plates 3, clarity, frail 1,
screaming 1, wild magic 1, acidic bite, eyeballs 1, gelatinous body 3,
pseudopods 2, jelly sensing items
0: Orb of Zot
}: 4/15 runes: decaying, slimy, silver, gossamer
a: Breathe Poison Gas, Renounce Religion, Oozemancy, Slimify


You escaped.
You worshipped Jiyva.
Jiyva was greatly pleased with you.
You visited 12 branches of the dungeon, and saw 56 of its levels.
You also visited: Bailey and Gauntlet.

You collected 5874 gold pieces.
You spent 3019 gold pieces at shops.

Inventory:

Hand Weapons
 a - the +11 Singing Sword (weapon) {sonic wave}
   (You found it on level 8 of the Dungeon)
Missiles
 Z - 2 throwing nets (quivered)
Armour
 c - the +0 cloak of Xom's Grace (worn) {rElec rC+++ Str+3 Dex-5}
   (You found it on level 3 of the Elven Halls)

   Str+3:     It affects your strength (+3).
   Dex-5:     It affects your dexterity (-5).
   rC+++:     It renders you almost immune to cold.
   rElec:     It insulates you from electricity.
 f - a +0 pair of gloves (worn)
 g - a +0 kite shield of fire resistance (worn)
 k - the +3 hat of Pondering {ponderous, Will+ MP+10 Int+5}
   (You took it off Gastronok on level 3 of the Lair of Beasts)

   Int+5:     It affects your intelligence (+5).
   Will+:     It increases your willpower.
   MP+10:     It affects your magic capacity (+10).
 n - a +1 barding (worn)
 q - a +0 tower shield
 w - a +0 cloak of willpower
 L - +9 gold dragon scales (worn)
 R - the +2 hood of the Assassin (worn) {Detect Stab+ Stlth++}
   (You found it on level 3 of the Depths)

   Detect:    It allows the wearer to sense nearby creatures.
   Stab+:     It allows the wearer to make particularly effective stabbing
   attacks against helpless or unaware enemies with any weapon.
   Stlth++:   It makes you much more stealthy.
Jewellery
 b - a +4 ring of protection (left hand)
 t - the ring of the Pharaoh's Fist {rC+ rCorr Int+3}
   (You found it on level 5 of the Pits of Slime)

   [ring of resist corrosion]

   Int+3:     It affects your intelligence (+3).
   rC+:       It protects you from cold.
   rCorr:     It protects you from acid and corrosion.
 x - a ring of protection from cold
 J - the ring of Qazlal's Envy {rPois rN++ Will+ Str-2 Dex+3}
   (You found it on level 3 of the Crypt)

   [ring of willpower]

   Str-2:     It affects your strength (-2).
   Dex+3:     It affects your dexterity (+3).
   rPois:     It protects you from poison.
   rN++:      It greatly protects you from negative energy.
   Will+:     It increases your willpower.
 P - a +4 ring of protection (on amulet)
 U - the macabre finger necklace (around neck) {Finger+ rN+}
   (You found it in a Gauntlet)

   [amulet of nothing]

   Finger+:   It enables you to equip an extra ring.
   rN+:       It protects you from negative energy.
 Y - the ring of Zin's Approval (right hand) {Fly rPois rC+ Slay+4}
   (You took it off a deep elf blademaster on level 3 of the Elven Halls)

   [ring of slaying]

   Slay+4:    It affects your accuracy & damage with ranged weapons and melee
   (+4).
   rC+:       It protects you from cold.
   rPois:     It protects you from poison.
   Fly:       It grants you flight.
Wands
 d - a wand of warping (28)
 e - a wand of paralysis (51)
 z - a wand of digging (3)
 A - a wand of mindburst (7)
 M - a wand of light (13)
Scrolls
 i - 2 scrolls of summoning
 l - 10 scrolls of immolation
 p - a scroll of brand weapon
 r - 3 scrolls of fear
 s - a scroll of amnesia
 y - 2 scrolls of fog
 E - a scroll of torment
 N - 5 scrolls of poison
 T - 7 scrolls of silence
 V - 3 scrolls of enchant weapon
Potions
 h - 3 potions of resistance
 j - 3 potions of attraction
 u - 2 potions of might
 v - 6 potions of mutation
 C - 9 potions of curing
 D - a potion of cancellation
 F - 3 potions of invisibility
 G - a potion of haste
 H - a potion of heal wounds
 O - 4 potions of brilliance
 Q - 3 potions of lignification
 X - a potion of enlightenment
Miscellaneous
 B - a box of beasts
 S - a lightning rod (4/4)
 W - a phantom mirror


   Skills:
 + Level 25.1 Fighting
 - Level 16.0 Long Blades
 - Level 11.6 Axes
 * Level 22.0 Armour
 - Level 14.4 Dodging
 - Level 15.0 Shields
 + Level 20.2 Evocations


You had 26 spell levels left.
You didn't know any spells.
Your spell library contained the following spells:

 Spells                   Type           Power      Damage    Failure   Level
 Freeze                   Ice            0%         1d3       98%         1
 Kiss of Death            Conj/Necr      0%         2d5       98%         1
 Magic Dart               Conj           0%         1d3       98%         1
 Summon Small Mammal      Summ           0%         N/A       98%         1
 Blink                    Tloc           0%         N/A       99%         2
 Call Imp                 Summ           0%         N/A       99%         2
 Cigotuvi's Dreadful Rot  Necr/Alch/Air  0%         N/A       99%         2
 Ensorcelled Hibernation  Hex/Ice        0%         N/A       99%         2
 Jinxbite                 Hex            0%         N/A       99%         2
 Lesser Beckoning         Tloc           0%         N/A       99%         2
 Mercury Vapours          Alch/Air       0%         N/A       99%         2
 Momentum Strike          Conj/Tloc      0%         3d8       99%         2
 Searing Ray              Conj           0%         2d4       99%         2
 Sublimation of Blood     Necr           0%         N/A       99%         2
 Call Canine Familiar     Summ           0%         N/A       100%        3
 Confusing Touch          Hex            0%         N/A       100%        3
 Dazzling Flash           Conj/Hex       0%         N/A       100%        3
 Frozen Ramparts          Ice            0%         1d1       100%        3
 Fugue of the Fallen      Necr           0%         N/A       100%        3
 Hailstorm                Conj/Ice       0%         3d5       100%        3
 Passwall                 Erth           0%         N/A       100%        3
 Summon Ice Beast         Ice/Summ       0%         N/A       100%        3
 Tukima's Dance           Hex            0%         N/A       100%        3
 Volatile Blastmotes      Fire/Tloc      0%         2d10      100%        3
 Anguish                  Hex/Necr       0%         N/A       100%        4
 Animate Armour           Summ/Erth      0%         N/A       100%        4
 Dimensional Bullseye     Hex/Tloc       0%         N/A       100%        4
 Dispel Undead            Necr           0%         3d6       100%        4
 Flame Wave               Conj/Fire      0%         2d4       100%        4
 Fulminant Prism          Conj/Alch      0%         3d5       100%        4
 Iskenderun's Mystic Bla  Conj/Tloc      0%         2d3       100%        4
 Leda's Liquefaction      Alch/Erth      0%         N/A       100%        4
 Martyr's Knell           Necr/Summ      0%         N/A       100%        4
 Olgreb's Toxic Radiance  Alch           0%         N/A       100%        4
 Passage of Golubria      Tloc           0%         N/A       100%        4
 Petrify                  Alch/Erth      0%         N/A       100%        4
 Summon Blazeheart Golem  Fire/Summ      0%         N/A       100%        4
 Summon Lightning Spire   Summ/Air       0%         N/A       100%        4
 Arcjolt                  Conj/Air       0%         1d10      100%        5
 Curse of Agony           Necr           0%         N/A       100%        5
 Fireball                 Conj/Fire      0%         3d3       100%        5
 Freezing Cloud           Conj/Ice/Air   0%         6-21      100%        5
 Lee's Rapid Deconstruct  Erth           0%         3d4*      100%        5
 Metabolic Englaciation   Hex/Ice        0%         N/A       100%        5
 Summon Forest            Summ/Tloc      0%         N/A       100%        5
 Summon Mana Viper        Hex/Summ       0%         N/A       100%        5
 Yara's Violent Unravell  Hex/Alch       0%         3d3       100%        5
 Bombard                  Conj/Erth      0%         9d1       100%        6
 Permafrost Eruption      Ice/Erth       0%         2x4d2     100%        6
 Plasma Beam              Fire/Air       0%         2x1d10    100%        6
 Sculpt Simulacrum        Ice/Alch       0%         N/A       100%        6
 Starburst                Conj/Fire      0%         6d3       100%        6
 Summon Cactus Giant      Summ           0%         N/A       100%        6
 Enfeeble                 Hex            0%         N/A       100%        7
 Haunt                    Necr/Summ      0%         N/A       100%        7
 Ozocubu's Refrigeration  Ice            0%         4d7       100%        7
 Spellforged Servitor     Conj/Summ      0%         N/A       100%        7
 Summon Hydra             Summ           0%         N/A       100%        7
 Borgnjor's Revivificati  Necr           0%         N/A       100%        8
 Lehudib's Crystal Spear  Conj/Erth      0%         10d2      100%        8
 Maxwell's Capacitive Co  Air            0%         ∞         100%        8
 Death's Door             Necr           0%         N/A       100%        9
 Shatter                  Erth           0%         3d5*      100%        9


Dungeon Overview and Level Annotations

Branches:
Dungeon (15/15)            Temple (0/1) D:5            Lair (5/5) D:10
  Swamp (4/4) Lair:2       Spider (4/4) Lair:3        Slime (5/5) Lair:5
    Orc (2/2) D:11            Elf (3/3) Orc:2        Vaults (5/5) D:14
  Crypt (3/3) Vaults:3       Tomb (1/3) Crypt:3      Depths (4/4) D:15
    Zot (5/5) Depths:4     Bailey (visited)         Gauntlet (visited)

Altars:
Elyvilon
Gozag
Nemelex Xobeh
Okawaru
Qazlal
Sif Muna
Uskayaw
Vehumet
Xom
Beogh
Jiyva

Shops:
D:7 =   D:10 *   Orc:2 :![!(   Vaults:2 [*(   Vaults:3 [

Portals:
Hell: Depths:1 Depths:2 Depths:3 Depths:4
Abyss: Depths:2 Depths:3
Pandemonium: Depths:1 Depths:2
Ziggurat: Depths:3

Annotations:
D:12 exclusions: oklob plant and oklob sapling
Slime:5 Royal Jelly
Orc:1 1 runed translucent door, jt's ghost, journeyman CoGl
Vaults:4 2 transporters, Ynkabiuw's ghost, adept TrCK
Zot:1 exclusion: door
Zot:4 2 transporters, Uzask's ghost, master HuWn
Zot:5 exclusion: orange crystal statue


Innate Abilities, Weirdness & Mutations

Your serpentine skin is tough. (AC +9)
You have supernaturally acute eyesight. (SInv)
Armour fits poorly on your strangely shaped body.
Your system is resistant to poisons. (rPois)
You cover ground very slowly.
You can exhale a cloud of poison.
You can use your snake-like lower body to constrict enemies.
You have a beak for a mouth.
You are completely covered in large bone plates. (SH +8)
You possess an exceptional clarity of mind.
You are frail. (-10% HP)
You occasionally shout uncontrollably at your foes.
Your spells are a little harder to cast, but a little more powerful.
You have acidic saliva.
Your body has grown eyes which may confuse attackers. (Acc +3)
Your gelatinous body deflects attacks. (AC +3, EV +3)
Armour fits poorly on your large pseudopods.
You have a small jelly attached to you that senses nearby items.


Message History

An Orb Guardian comes into view.
An Orb Guardian is nearby!
An Orb Guardian is nearby!
You block the Orb Guardian's attack.
You slice the Orb Guardian!! You peck the Orb Guardian.
You bite the Orb Guardian, but do no damage.
The Orb Guardian is moderately wounded.
You block the Orb Guardian's attack.
You closely miss the Orb Guardian. You bludgeon the Orb Guardian!
The Orb Guardian is heavily wounded.
You block the Orb Guardian's attack.
You barely miss the Orb Guardian. You bludgeon the Orb Guardian!
The Orb Guardian is severely wounded.
The Orb Guardian hits you but does no damage.
Unknown command.
You slash the Orb Guardian!
The Singing Sword spouts musical wisdom.
You send a blast of sound all around you.
The Orb Guardian is almost dead.
Your bludgeon misses the Orb Guardian.
The Orb Guardian is almost dead.
The Orb Guardian hits you!
Unknown command.
You slice the Orb Guardian!!
The Singing Sword goes toot-toot!
You send a blast of sound all around you.
You kill the Orb Guardian!
You feel your strength returning.
No target in view!
Unknown command.
No target in view!
No target in view!
You start resting.
HP restored.
You start waiting.
You sense a monster nearby.
A Betzapp and a lich come into view.
There are monsters nearby!
The lich shouts!
You have escaped!

.##......................##.##
.###...#.###############.##.# .#
#.#...#.............#.##.#
.###.....#.............#.##.#
.........#.............#.##.#
...#..#..#######{#######.##.#
.#....#..#.....÷......(#.##.#
.........'⌠...&###....⌠'.##.#
.###.....#......@......#.##.###
.###.....#..⌠...L...⌠..#......#
.##..#...###'#######'###..#.#.###
.##.##...................#......#
.#..##..........................#
............###..............####
.#..........# #..............#
............####.........#...##
......###.....###......)##....###


You could see Betzapp and a lich.

Vanquished Creatures
  10 dread liches
  6 ancient liches
  3 orbs of fire
  Mara (Elf:3)
  3 Killer Klowns (Zot:5)
  Boris (Vaults:1)
  Bai Suzhen (Elf:2)
  Saint Roka (Vaults:1)
  4 curse toes
  Nikola (Swamp:1)
  7 golden dragons
  Norris (Elf:1)
  Jory (Vaults:4)
  2 bone dragons
  A Brimstone Fiend (Depths:1)
  2 hellephants
  4 electric golems
  A Hell Sentinel (Zot:1)
  A shard shrike zombie (Crypt:1)
  7 liches
  Rupert (D:12)
  Asterion (Elf:3)
  14 tentacled monstrosities
  25 Orb Guardians
  2 walking frostbound tomes
  A deep elf master archer (Elf:3)
  A titan (Vaults:5)
  3 deep elf blademasters
  6 quicksilver dragons
  2 sphinxes
  3 ancient champions
  8 death cobs
  Gastronok (Lair:3)
  A thorn hunter (Swamp:3)
  7 shadow dragons
  2 Executioners
  Donald (Vaults:2)
  4 revenants
  5 tengu reavers
  9 storm dragons
  Aizul (Swamp:1)
  8 frost giants
  4 draconian monks
  6 fire giants
  3 protean progenitors
  13 draconian knights
  A balrug (Depths:2)
  10 draconian scorchers
  10 deep elf sorcerers
  2 iron dragons (Vaults:5)
  17 vault wardens
  6 emperor scorpions
  2 deep elf elementalists (Elf:3)
  9 draconian shifters
  A spriggan defender (Depths:2)
  Louise (Elf:3)
  An angel (D:13)
  6 draconian stormcallers
  3 curse skulls
  9 ghost moths
  11 draconian annihilators
  4 ghouls (Crypt:1)
  2 orc warlords
  2 broodmothers (Spider:3)
  8 stone giants
  A reaper (Crypt:3)
  17 ironbound preservers
  10 ironbound thunderhulks
  17 very ugly things
  8 vampire knights
  13 green draconians
  6 eleionomae
  A lorocyproca (Depths:1)
  10 deep elf annihilators
  17 yellow draconians
  18 black draconians
  10 white draconians
  8 deep elf demonologists
  12 deep elf death magi
  A minotaur (Gauntlet)
  3 spark wasps
  11 dire elephants (Vaults:1)
  2 bunyips
  4 war gargoyles
  Azrael (D:12)
  11 purple draconians
  5 eidola
  2 mummy priests
  17 ettins
  23 yaktaur captains
  A green death (D:3)
  11 red draconians
  2 fire dragons (Depths:3)
  Josephine (D:14)
  2 merfolk javelineers (Depths:3)
  3 crystal guardians
  14 jiangshi
  2 blizzard demons
  6 deep elf high priests
  A shambling mangrove (Swamp:3)
  10 entropy weavers
  Fannar (D:11)
  7 ice dragons
  4 rakshasas
  35 vault guards
  A hell beast (D:1)
  10 spriggan air magi
  An ice dragon (shapeshifter) (Vaults:2)
  7 ogre magi
  4 peacekeepers
  8 ironbound frosthearts
  3 ghost crabs
  2 catoblepae
  2 spriggan skeletons
  A bennu zombie (Crypt:2)
  A radroach (Spider:4)
  10 alligators
  26 dancing weapons
  An anaconda (Lair:5)
  10 centaur warriors
  17 hydras
  5 jorogumos
  9 two-headed ogres
  5 tengu warriors
  7 vampire magi
  6 death yaks (Lair:5)
  10 boulder beetles
  5 hell hogs
  8 deep troll shamans
  4 orc high priests
  9 deep troll earth magi
  An occultist (Depths:2)
  7 spriggan berserkers
  A storm dragon zombie (Crypt:1)
  3 hell knights (Crypt:2)
  Nergalle (Lair:1)
  23 deep elf knights
  13 demonic crawlers
  2 sun demons
  A sixfirhy (Depths:2)
  13 skeletal warriors
  A soul eater (Crypt:3)
  Amaemon (D:8)
  8 iron trolls
  3 skysharks
  3 goliath frogs
  9 orb spiders
  A titan skeleton (Crypt:2)
  8 pharaoh ants
  4 shadow demons
  A shadow wraith (D:14)
  2 fire crabs
  2 spriggan druids (Swamp:3)
  36 deep trolls
  2 flayed ghosts
  3 sun moths
  9 swamp dragons
  5 arcanists
  An obsidian statue (Zot:5)
  15 ironbound convokers
  12 bog bodies
  14 phantasmal warriors
  23 steelbarb worms
  17 deep elf archers
  6 necromancers
  5 lindwurms
  17 wolf spiders
  28 deep elf zephyrmancers
  13 orc knights
  An iron giant skeleton (Crypt:1)
  The ghost of zkyp the Cleaver, a novice CoGl of Gozag (D:7)
  27 ugly things
  A harpy (Vaults:3)
  4 thermic dynamos (Elf:2)
  2 orc sorcerers
  25 deep elf pyromancers
  A stone giant zombie (Vaults:2)
  A shadow dragon skeleton (Crypt:3)
  10 elephants
  A fire giant zombie (Vaults:2)
  7 will-o-the-wisps
  4 cyclopes
  3 large abominations (D:9)
  12 meliai
  A guardian serpent (Lair:5)
  37 moths of wrath
  Maurice (D:7)
  A fire giant skeleton (Vaults:2)
  The ghost of Domino the Chopper, a novice MDFi (D:5)
  A toenail golem (D:11)
  Joseph (D:8)
  11 black mambas
  12 vault sentinels
  2 kobold blastminers (Orc:1)
  2 smoke demons (Depths:1)
  14 cane toads
  10 torpor snails
  An orange demon (D:8)
  3 gargoyles
  2 centaur skeletons
  A grey draconian zombie (Crypt:2)
  8 komodo dragons
  2 minotaur zombies
  3 rime drakes
  2 ice devils
  4 freezing wraiths
  3 tengu conjurers
  A tormentor (Depths:1)
  An alligator snapping turtle skeleton (Crypt:1)
  A yellow draconian skeleton (Crypt:1)
  37 yaktaurs
  7 kobold demonologists
  An unseen horror skeleton (Crypt:3)
  2 bloated husks (Swamp:4)
  4 trolls
  A pale draconian skeleton (Crypt:1)
  9 tyrant leeches
  A hellwing (Zot:1)
  14 polar bears
  11 tarantellas
  21 hornets
  A hornet (shapeshifter) (D:14)
  7 blink frogs
  A dream sheep (Lair:5)
  2 raiju (Lair:5)
  A radroach zombie (Crypt:2)
  An elf zombie (Vaults:2)
  A centaur simulacrum (D:15)
  2 air elementals
  12 culicivoras
  A ynoxinul (D:10)
  9 water elementals
  10 wraiths
  40 jumping spiders
  8 wyverns
  An ettin skeleton (Vaults:2)
  18 spriggans
  47 yaks
  6 shadows (Gauntlet)
  A human (shapeshifter) (Vaults:5)
  4 basilisks
  3 fire bats (Gauntlet)
  7 fire elementals
  21 vampire mosquitoes
  Menkaure (D:7)
  64 redbacks
  6 steam dragons
  A wind drake skeleton (Crypt:2)
  A neqoxec (D:6)
  16 wargs
  A chaos spawn (D:5)
  13 swamp worms
  A naga (shapeshifter) (D:14)
  2 acid dragons
  A fire bat zombie (Crypt:3)
  31 water moccasins
  A deep troll skeleton (Crypt:3)
  A human skeleton (Vaults:2)
  17 hell hounds
  A glowing shapeshifter skeleton (Vaults:2)
  An entropy weaver zombie (Crypt:2)
  A naga skeleton (Crypt:2)
  32 orc warriors
  19 ogres
  A hornet zombie (Crypt:2)
  8 swamp drakes
  A sky beast (D:4)
  14 black bears
  2 ice beasts (D:5)
  9 laughing skulls
  A dream sheep skeleton (Crypt:2)
  2 boggarts (Crypt:3)
  33 wolves
  2 centaurs
  A swamp dragon skeleton (Crypt:1)
  A phantom (D:4)
  5 kobold brigands
  4 earth elementals
  20 bullfrogs
  A human zombie (Vaults:2)
  6 small abominations (Gauntlet)
  A naga simulacrum (Crypt:1)
  3 gnoll sergeants
  6 scorpions
  A glowing shapeshifter simulacrum (Vaults:2)
  5 wights
  15 killer bees
  3 howler monkeys
  7 electric eels
  A polar bear skeleton (Crypt:2)
  2 gnoll boudas
  2 hounds
  A jelly (D:5)
  13 orc priests
  2 iguanas (D:5)
  A black bear skeleton (Crypt:3)
  A sleepcap (D:8)
  Natasha (thrice) (D:3)
  22 orc wizards
  A deep dwarf zombie (Crypt:3)
  An ogre zombie (Crypt:3)
  A hound zombie (Crypt:3)
  Robin (D:3)
  23 gnolls
  5 adders
  A swamp drake skeleton (Crypt:1)
  A shadow imp (D:6)
  3 white imps
  4 ufetubi (D:7)
  A lava snake zombie (Crypt:2)
  2 ribbon worms (D:3)
  3 dart slugs
  104 orcs
  5 bats
  15 endoplasms
  9 giant cockroaches
  13 goblins
  9 hobgoblins
  A hobgoblin (shapeshifter) (D:4)
  5 jackals
  10 kobolds
  4 quokkas
  9 ball pythons
  4 frilled lizards
  7 rats
  2 aspiring fleshes (Zot:1)
2302 creatures vanquished.

Vanquished Creatures (collateral kills)
  the Lernaean hydra (Swamp:4)
  Margery (Crypt:2)
  A curse toe (Zot:5)
  A death cob (Zot:1)
  A protean progenitor (Zot:1)
  2 draconian shifters (Zot:1)
  A draconian scorcher (Zot:5)
  A curse skull (Crypt:1)
  2 white draconians
  An ettin (Vaults:3)
  A skeletal warrior (Crypt:3)
  3 deep trolls (Zot:1)
  A swamp dragon (Swamp:4)
  2 gnolls
  A goblin (D:3)
20 creatures vanquished.

Vanquished Creatures (others)
  3 Orb Guardians (Zot:5)
  A sphinx (Vaults:2)
  A fire giant (Vaults:4)
  An azure jelly (Zot:5)
  A draconian knight (Zot:3)
  2 deep elf sorcerers (Vaults:2)
  A draconian annihilator (Zot:3)
  2 ironbound thunderhulks (Vaults:2)
  4 formless jellyfish
  A white draconian (Zot:2)
  6 great orbs of eyes
  A deep elf high priest (Elf:3)
  A vault guard (Vaults:2)
  3 hydras
  An ironbound frostheart (Vaults:2)
  2 alligators (Swamp:4)
  3 deep elf knights
  2 goliath frogs (Swamp:1)
  2 arcanists
  4 glowing orange brains
  A swamp dragon (Swamp:4)
  3 lindwurms (Vaults:2)
  A bog body (Swamp:4)
  4 ironbound convokers
  4 deep elf zephyrmancers
  A glowing shapeshifter (Depths:2)
  An ugly thing (shapeshifter) (Vaults:5)
  A will-o-the-wisp (Swamp:4)
  A wolf spider (shapeshifter) (Depths:3)
  A moth of wrath (Zot:2)
  3 vault sentinels (Vaults:2)
  6 yaktaurs
  A glass eye (Depths:2)
  3 kobold demonologists
  A tengu conjurer (Depths:3)
  10 slime creatures
  A jumping spider (Vaults:1)
  A shadow (D:13)
  A culicivora (Vaults:1)
  2 redbacks
  A water moccasin (D:12)
  A swamp drake (Swamp:4)
  3 orc warriors (Orc:2)
  3 laughing skulls (Crypt:2)
  An electric eel (Spider:1)
  A hound (D:12)
  399 jellies
  An orc priest (D:12)
  An orc wizard (Orc:2)
  2 adders (D:12)
  14 orcs
  4 ball pythons (D:12)
  A bat skeleton (Crypt:2)
  8 kobolds
  An orc skeleton (Crypt:1)
  33 foxfires
563 creatures vanquished.

Grand Total: 2885 creatures vanquished

Notes
Turn   | Place    | Note
-------+----------+-------------------------------------------
     0 | D:1      | MagicSucks the Naga Chaos Knight began the quest for the
                  | Orb.
     0 | D:1      | Reached XP level 1. HP: 21/21 MP: 1/1
     1 | D:1      | Found a runed translucent door.
    23 | D:1      | XOM: divination: magic mapping
    68 | D:1      | Reached XP level 2. HP: 27/28 MP: 2/2
   279 | D:1      | Reached XP level 3. HP: 28/34 MP: 3/3
   457 | D:1      | XOM: silly message
   502 | D:1      | XOM: potion effect (berserk rage)
   598 | D:2      | Identified the +0 buckler of Ashenzari's Favour {Slay+2}
   611 | D:2      | XOM: divination: detect items
   942 | D:2      | XOM: give mutations
   942 | D:2      | Gained mutation: You occasionally shout uncontrollably at
                  | your foes. [Xom's mischief]
   942 | D:2      | Gained mutation: You are strong-willed. (Will+) [Xom's
                  | mischief]
   989 | D:2      | Reached XP level 4. HP: 41/44 MP: 4/4
  1396 | D:3      | Got the Grimoire of the Vibrant Crevasse
  1515 | D:3      | XOM: give mutations
  1515 | D:3      | Gained mutation: Your body sometimes deteriorates upon
                  | taking damage. [Xom's mischief]
  1515 | D:3      | Gained mutation: You occasionally lose the ability to read
                  | scrolls when taking damage. [Xom's mischief]
  1515 | D:3      | Gained mutation: You occasionally lose the ability to drink
                  | potions when taking damage. [Xom's mischief]
  1561 | D:3      | XOM: confusion (+ monsters)
  1738 | D:3      | Found a sparkling altar of Nemelex Xobeh.
  1784 | D:3      | Noticed Natasha
  1790 | D:3      | Killed Natasha
  1791 | D:3      | Reached XP level 5. HP: 30/50 MP: 5/5
  1894 | D:3      | Reached skill level 4 in Fighting
  1894 | D:3      | Reached skill level 1 in Shields
  1897 | D:3      | Noticed Robin
  1898 | D:3      | XOM: cast spell 'Animate Armour'
  1901 | D:3      | Killed Robin
  1909 | D:3      | XOM: summons 4 hostile shadow creatures
  2037 | D:3      | Noticed Natasha
  2046 | D:3      | Killed Natasha
  2259 | D:3      | Noticed Natasha
  2265 | D:3      | Killed Natasha
  2330 | D:4      | XOM: fog
  2422 | D:4      | Noticed a phantom
  2434 | D:4      | Noticed an ogre
  2435 | D:4      | Killed a phantom
  2436 | D:4      | Reached XP level 6. HP: 42/58 MP: 6/6
  2437 | D:4      | XOM: chaos cloud
  2442 | D:4      | HP: 2/58 [ogre/+0 giant club (27)]
  2685 | D:4      | Noticed an ice beast
  2686 | D:4      | an ice beast changed into a sky beast
  2686 | D:4      | Noticed a sky beast
  2708 | D:4      | Killed a sky beast
  2709 | D:4      | Reached XP level 7. HP: 53/66 MP: 7/7
  2896 | D:4      | an orc changed into a glowing shapeshifter
  2896 | D:4      | Noticed a glowing shapeshifter (glowing shapeshifter)
  2896 | D:4      | XOM: polymorph orc -> glowing shapeshifter
  2896 | D:4      | a glowing shapeshifter changed into a ball python
  2909 | D:4      | XOM: draining
  3151 | D:4      | XOM: confuse monster(s)
  3277 | D:4      | XOM: give mutations
  3277 | D:4      | Lost mutation: You are strong-willed. (Will+) [Xom's
                  | mischief]
  3277 | D:4      | Lost mutation: Your body sometimes deteriorates upon taking
                  | damage. [Xom's mischief]
  3277 | D:4      | Gained mutation: You sometimes lose the ability to read
                  | scrolls when taking damage. [Xom's mischief]
  3277 | D:4      | Lost mutation: You sometimes lose the ability to read
                  | scrolls when taking damage. [Xom's mischief]
  3383 | D:4      | XOM: smoke on damage
  3392 | D:4      | Reached skill level 5 in Fighting
  3401 | D:4      | Reached skill level 5 in Axes
  3765 | D:5      | Entered Level 5 of the Dungeon
  3812 | D:5      | Noticed Domino's ghost (novice MDFi)
  3820 | D:5      | Found a radiant altar of Vehumet.
  3935 | D:5      | Found a runed translucent door.
  4249 | D:5      | XOM: confuse monster(s)
  4255 | D:5      | Reached XP level 8. HP: 50/75 MP: 8/8
  4255 | D:5      | XOM: noise
  4306 | D:5      | XOM: 3-stop teleportation journey
  4449 | D:5      | Found a staircase to the Ecumenical Temple.
  4577 | D:5      | XOM: divination: detect items
  4986 | D:6      | XOM: butterfly on damage
  4991 | D:6      | XOM: noise
  5001 | D:6      | Reached skill level 6 in Fighting
  5015 | D:6      | HP: 1/76 [steam dragon] (9)]
  5384 | D:6      | XOM: enchant monster (bad)
  5427 | D:6      | Found a hide-covered altar of Uskayaw.
  5555 | D:6      | XOM: noise
  5625 | D:6      | Reached skill level 5 in Armour
  5625 | D:6      | Reached XP level 9. HP: 78/85 MP: 9/9
  5642 | D:6      | XOM: god gift: 26 gold pieces
  5681 | D:6      | Found an iron altar of Okawaru.
  5919 | D:6      | XOM: silly message
  6027 | D:6      | XOM: silly message
  6236 | D:7      | XOM: divination: magic mapping
  6262 | D:7      | Noticed Maurice
  6485 | D:7      | Noticed Menkaure
  6487 | D:7      | Killed Menkaure
  6492 | D:7      | Reached skill level 9 in Fighting
  6492 | D:7      | Reached XP level 10. HP: 94/99 MP: 10/10
  6568 | D:7      | XOM: blink monster(s)
  6688 | D:7      | XOM: confusion (+ monsters)
  6777 | D:7      | Found Ympifyen's Jewellery Shoppe.
  6793 | D:7      | Maurice stole a ring of protection from cold
  6794 | D:7      | Maurice stole a +1 dagger of electrocution
  6808 | D:7      | XOM: confuse monster(s)
  6813 | D:7      | Killed Maurice
  6881 | D:7      | XOM: summons 4 hostile demons
  6882 | D:7      | Noticed an orange demon
  6951 | D:7      | XOM: cloud trail
  6967 | D:7      | XOM: give mutations
  6967 | D:7      | Gained mutation: Your mind is acute. (Int +4, Str/Dex -1)
                  | [Xom's grace]
  6967 | D:7      | Gained mutation: Your tail ends in a venomous barb. [Xom's
                  | grace]
  6967 | D:7      | Gained mutation: You have an increased reservoir of magic.
                  | (+10% MP) [Xom's grace]
  7003 | D:7      | XOM: god gift: box of beasts
  7077 | D:7      | Found a transporter.
  7080 | D:7      | Noticed zkyp's ghost (novice CoGl)
  7081 | D:7      | Identified the +4 great mace of Ointment {spect, Str+2}
  7081 | D:7      | Identified the +11 great mace of Sagaanizeo {venom, rElec
                  | rC+ rN+}
  7081 | D:7      | Noticed a two-headed ogre
  7305 | D:7      | XOM: scenery: 1 doors open
  7566 | D:8      | Noticed Joseph
  7676 | D:8      | Paralysed by Joseph for 2 turns
  7683 | D:8      | Paralysed by Joseph for 4 turns
  7687 | D:8      | Killed Joseph
  7739 | D:8      | Found the +11 Singing Sword {sonic wave}
  7771 | D:8      | XOM: cleaving
  7794 | D:8      | Reached skill level 1 in Long Blades
  7815 | D:8      | Reached XP level 11. HP: 101/106 MP: 12/12
  7911 | D:8      | Noticed a two-headed ogre
  7921 | D:8      | Killed a two-headed ogre
  7979 | D:8      | Found a flagged portal.
  8075 | Bailey   | Entered a bailey
  8165 | Bailey   | Noticed a two-headed ogre
  8166 | Bailey   | XOM: 8-stop teleportation journey
  8203 | Bailey   | XOM: blink monster(s)
  8204 | Bailey   | Killed a two-headed ogre
  8511 | D:8      | Noticed Amaemon
  8520 | D:8      | Killed Amaemon
  8520 | D:8      | XOM: divination: detect items
  8528 | D:8      | Reached skill level 10 in Fighting
  8528 | D:8      | Reached skill level 5 in Long Blades
  8544 | D:8      | XOM: silly message
  8893 | D:8      | Identified the +0 glaive "Faegum" {flame, Will- MP+9 Str-3
                  | Int+4}
  9215 | D:9      | XOM: divination: detect items
  9236 | D:9      | Identified the +4 chain mail "Hiset" {^Drain rPois Will-
                  | Stlth+}
  9251 | D:9      | XOM: silly message
  9294 | D:9      | XOM: silly message
  9412 | D:9      | XOM: butterfly on damage
  9731 | D:9      | XOM: scenery: summon butterflies
  9772 | D:10     | Entered Level 10 of the Dungeon
  9852 | D:10     | XOM: noise
  9912 | D:10     | Found a staircase to the Lair.
 10032 | D:10     | Found Fitec's General Store.
 10040 | D:10     | Bought 2 scrolls of enchant armour for 210 gold pieces
 10040 | D:10     | Noticed a cyclops
 10040 | D:10     | XOM: summons 2 friendly demons
 10057 | D:10     | Killed a cyclops
 10111 | D:10     | XOM: 1-stop teleportation journey
 10119 | D:10     | XOM: blink monster(s)
 10128 | D:10     | Reached XP level 12. HP: 100/117 MP: 13/13
 10195 | D:10     | XOM: cloud trail
 10452 | D:10     | XOM: noise
 10973 | D:11     | Noticed Fannar
 10986 | D:11     | Killed Fannar
 11240 | D:11     | XOM: fog
 11527 | D:11     | XOM: give mutations
 11527 | D:11     | Gained mutation: Your body sometimes deteriorates upon
                  | taking damage. [Xom's mischief]
 11527 | D:11     | Gained mutation: Potions are less effective at restoring
                  | your health. [Xom's mischief]
 11527 | D:11     | Gained mutation: You are clumsy. (Dex -2) [Xom's mischief]
 11527 | D:11     | Gained mutation: You have hidden genetic potential. [Xom's
                  | mischief]
 11552 | D:11     | Noticed a centaur warrior
 11557 | D:11     | XOM: potion effect (invisibility)
 11559 | D:11     | Killed a centaur warrior
 11688 | D:11     | XOM: give mutations
 11688 | D:11     | Lost mutation: Your mind is acute. (Int +4, Str/Dex -1)
                  | [Xom's mischief]
 11688 | D:11     | Gained mutation: Your tail ends in a sharp venomous barb.
                  | [Xom's mischief]
 11857 | D:11     | Found a staircase to the Orcish Mines.
 12276 | Lair:1   | Entered Level 1 of the Lair of Beasts
 12290 | Lair:1   | Reached skill level 11 in Fighting
 12569 | Lair:1   | XOM: draining
 12572 | Lair:1   | Noticed Nergalle
 12680 | Lair:1   | Killed Nergalle
 12697 | Lair:1   | XOM: smoke on damage
 12929 | Lair:1   | Identified the +4 scale mail "Jaafept" {Harm}
 13127 | Lair:1   | XOM: give mutations
 13127 | Lair:1   | Lost mutation: Potions are less effective at restoring your
                  | health. [Xom's mischief]
 13127 | Lair:1   | Lost mutation: You occasionally lose the ability to read
                  | scrolls when taking damage. [Xom's mischief]
 13127 | Lair:1   | Gained mutation: Potions are less effective at restoring
                  | your health. [Xom's mischief]
 13399 | Lair:1   | XOM: polymorph komodo dragon -> swamp dragon
 13563 | Lair:1   | XOM is BORED!
 13633 | Lair:2   | Noticed a skyshark
 13633 | Lair:2   | XOM: 5-stop teleportation journey
 13666 | Lair:2   | Found a gate leading to a gauntlet.
 13678 | Lair:2   | Gained mutation: You can use your snake-like lower body to
                  | constrict enemies. [Naga growth]
 13678 | Lair:2   | Reached XP level 13. HP: 125/127 MP: 14/14
 13679 | Lair:2   | XOM: confusion
 13681 | Lair:2   | Reached skill level 10 in Long Blades
 13688 | Lair:2   | XOM: enchant monster (bad)
 13690 | Lair:2   | XOM: noise
 13694 | Gauntlet | Entered a Gauntlet
 13694 | Gauntlet | Found a transporter.
 13694 | Gauntlet | Found a transporter.
 13694 | Gauntlet | Found a runed translucent door.
 13694 | Gauntlet | Found a runed translucent door.
 13730 | Gauntlet | Found a transporter.
 13734 | Gauntlet | Found a transporter.
 13734 | Gauntlet | Found a transporter.
 13748 | Gauntlet | Found a transporter.
 13760 | Gauntlet | Found a transporter.
 13764 | Gauntlet | Found a transporter.
 13768 | Gauntlet | Found a runed translucent door.
 13770 | Gauntlet | Found a runed translucent door.
 13772 | Gauntlet | Found a transporter.
 13789 | Gauntlet | Found a transporter.
 13804 | Gauntlet | Found a transporter.
 13808 | Gauntlet | Found a transporter.
 13954 | Gauntlet | Gained mutation: You have a considerably increased
                  | reservoir of magic. (+20% MP) [hidden potential]
 14001 | Gauntlet | Identified the +0 cloak of Ixisaqept {Str+4}
 14035 | Gauntlet | Found the macabre finger necklace {Finger+ rN+}
 14035 | Gauntlet | Identified the +1 glaive of Dissolution {heavy, rPois rF+
                  | Str+3 Int-4}
 14035 | Gauntlet | Noticed a minotaur
 14045 | Gauntlet | Killed a minotaur
 14052 | Gauntlet | Got the Verses on the Gritty Discharge
 14229 | Lair:2   | XOM: silly message
 14232 | Lair:2   | Reached skill level 12 in Fighting
 14332 | Lair:2   | Reached skill level 10 in Armour
 14426 | Lair:2   | You fall into a shaft and drop 2 floors!
 14456 | Lair:4   | XOM: enchant monster (good)
 14532 | Lair:4   | XOM: potion effect (brilliance)
 14686 | Lair:4   | XOM: polymorph yak -> frilled lizard
 14784 | Lair:4   | XOM: 7-stop teleportation journey
 14896 | Lair:4   | XOM: 2-stop teleportation journey
 15155 | Lair:4   | Got Sif Muna's Annotations on Plutonic Locality
 15359 | Lair:4   | XOM: noise
 15419 | Lair:3   | XOM: cast spell 'Leda's Liquefaction'
 15486 | Lair:3   | Found a hole to the Spider Nest.
 15490 | Lair:3   | XOM: repel stairs
 15741 | Lair:3   | Reached XP level 14. HP: 139/139 MP: 16/16
 15771 | Lair:3   | XOM: noise
 16170 | Lair:3   | Noticed Gastronok
 16185 | Lair:3   | Killed Gastronok
 16197 | Lair:3   | Gained mutation: Your mind is acute. (Int +4, Str/Dex -1)
                  | [hidden potential]
 16197 | Lair:3   | Lost mutation: You have hidden genetic potential. [hidden
                  | potential expressed]
 16296 | Lair:3   | XOM: confusion
 16429 | Lair:3   | XOM: summons 1 hostile demon
 16502 | Lair:3   | XOM: draining
 16702 | Lair:5   | XOM: noise
 16702 | Lair:5   | Entered Level 5 of the Lair of Beasts
 16995 | Lair:5   | XOM: silly message
 17107 | Lair:5   | XOM: polymorph water moccasin -> polar bear
 17112 | Lair:5   | XOM: confusion
 17119 | Lair:5   | XOM: 1-stop teleportation journey
 17124 | Lair:5   | Reached skill level 13 in Fighting
 17309 | Lair:5   | Found a viscous altar of Jiyva.
 17310 | Lair:5   | Found a staircase to the Slime Pits.
 17358 | Lair:5   | Fell from the grace of Xom
 17358 | Lair:5   | Became a worshipper of Jiyva Jyof the Shapeless
 18393 | Lair:5   | XOM: give mutations
 18393 | Lair:5   | Gained mutation: You have a pair of small antennae on your
                  | head. [Xom's mischief]
 18393 | Lair:5   | Gained mutation: You frequently scream uncontrollably at
                  | your foes. [Xom's mischief]
 18393 | Lair:5   | Lost mutation: You are clumsy. (Dex -2) [Xom's mischief]
 18393 | Lair:5   | Gained mutation: You expend magic power (3 MP) to
                  | strengthen your wands. [Xom's mischief]
 18562 | Lair:5   | XOM: swap monsters
 18569 | Lair:5   | Reached XP level 15. HP: 140/150 MP: 18/18
 19665 | D:12     | Noticed Azrael
 19676 | D:12     | Killed Azrael
 20015 | D:12     | Reached * piety under Jiyva
 20096 | D:12     | Reached skill level 14 in Fighting
 20201 | D:12     | XOM: polymorph jelly -> glowing shapeshifter
 20221 | D:12     | Noticed Rupert
 20230 | D:12     | Killed Rupert
 20231 | D:12     | Reached skill level 15 in Long Blades
 20273 | D:12     | XOM: give mutations
 20273 | D:12     | Lost mutation: You have a pair of small antennae on your
                  | head. [Xom's mischief]
 20273 | D:12     | Lost mutation: You frequently scream uncontrollably at your
                  | foes. [Xom's mischief]
 20475 | D:12     | Got the Encyclopedia of Nature
 20749 | D:12     | Lost mutation: Your body sometimes deteriorates upon taking
                  | damage. [potion of mutation]
 20749 | D:12     | Lost mutation: You have a considerably increased reservoir
                  | of magic. (+20% MP) [potion of mutation]
 20749 | D:12     | Lost mutation: You expend magic power (3 MP) to strengthen
                  | your wands. [potion of mutation]
 20749 | D:12     | Gained mutation: You are covered in fur. (AC +1) [potion of
                  | mutation]
 20749 | D:12     | Gained mutation: You are agile. (Dex +4, Str/Int -1)
                  | [potion of mutation]
 20839 | D:13     | Reached ** piety under Jiyva
 21059 | D:13     | Reached skill level 1 in Dodging
 21598 | D:13     | You fall into a shaft and drop 1 floor!
 21717 | D:14     | Found a gate to the Vaults.
 21745 | D:14     | Reached *** piety under Jiyva
 21745 | D:14     | Lost mutation: Your tail ends in a sharp venomous barb.
                  | [Jiyva's grace]
 21745 | D:14     | Gained mutation: Your muscles are strong. (Str +4, Int/Dex
                  | -1) [Jiyva's grace]
 21745 | D:14     | Gained mutation: Your muscles are very strong. (Str +8,
                  | Int/Dex -2) [Jiyva's grace]
 21745 | D:14     | Gained mutation: You have a small jelly attached to you
                  | that senses nearby items. [Jiyva's grace]
 21745 | D:14     | Gained mutation: You are partially covered in iridescent
                  | scales. (AC +2) [Jiyva's grace]
 22160 | D:13     | XOM: cloud trail
 22200 | D:13     | Reached XP level 16. HP: 158/158 MP: 17/17
 23039 | D:14     | Noticed Josephine
 23046 | D:14     | Killed Josephine
 23114 | D:15     | Entered Level 15 of the Dungeon
 23114 | D:15     | Reached **** piety under Jiyva
 23329 | D:15     | Reached skill level 15 in Fighting
 23432 | D:15     | Found a staircase to the Depths.
 23544 | D:15     | Found a shimmering altar of Xom.
 23560 | D:15     | Found a shimmering altar of Xom.
 23580 | D:15     | Lost mutation: You are agile. (Dex +4, Str/Int -1) [Jiyva's
                  | grace]
 23580 | D:15     | Lost mutation: Your muscles are very strong. (Str +8,
                  | Int/Dex -2) [Jiyva's grace]
 23580 | D:15     | Lost mutation: You occasionally lose the ability to drink
                  | potions when taking damage. [Jiyva's grace]
 23580 | D:15     | Gained mutation: You have acidic saliva. [Jiyva's grace]
 23580 | D:15     | Gained mutation: Your muscles are very strong. (Str +8,
                  | Int/Dex -2) [Jiyva's grace]
 23580 | D:15     | Gained mutation: Your melee attacks may engulf your foes in
                  | ooze. [Jiyva's grace]
 23580 | D:15     | Gained mutation: Your flesh is heat resistant. (rF+)
                  | [Jiyva's grace]
 23844 | D:15     | Reached ***** piety under Jiyva
 24017 | Orc:1    | Entered Level 1 of the Orcish Mines
 24104 | Orc:1    | XOM: polymorph jelly -> jackal
 24201 | Orc:2    | Entered Level 2 of the Orcish Mines
 24209 | Orc:2    | Reached XP level 17. HP: 167/170 MP: 18/18
 24240 | Orc:2    | XOM: noise
 24353 | Orc:2    | Reached skill level 5 in Dodging
 24360 | Orc:2    | XOM: swap monsters
 24542 | Orc:2    | Reached skill level 5 in Shields
 24551 | Orc:2    | Lost mutation: Your flesh is heat resistant. (rF+) [Jiyva's
                  | grace]
 24551 | Orc:2    | Lost mutation: You occasionally shout uncontrollably at
                  | your foes. [Jiyva's grace]
 24551 | Orc:2    | Lost mutation: You have a small jelly attached to you that
                  | senses nearby items. [Jiyva's grace]
 24551 | Orc:2    | Lost mutation: Potions are less effective at restoring your
                  | health. [Jiyva's grace]
 24551 | Orc:2    | Lost mutation: Your melee attacks may engulf your foes in
                  | ooze. [Jiyva's grace]
 24551 | Orc:2    | Gained mutation: You have a small jelly attached to you
                  | that senses nearby items. [Jiyva's grace]
 24551 | Orc:2    | Gained mutation: Your rubbery body absorbs attacks. (AC +1,
                  | EV +1) [Jiyva's grace]
 24551 | Orc:2    | Gained mutation: Your pliable body absorbs attacks. (AC +2,
                  | EV +2) [Jiyva's grace]
 24551 | Orc:2    | Gained mutation: Your gelatinous body deflects attacks. (AC
                  | +3, EV +3) [Jiyva's grace]
 24574 | Orc:2    | XOM: polymorph jelly -> glowing shapeshifter
 24623 | Orc:2    | Found a staircase to the Elven Halls.
 24625 | Orc:2    | Found Janez's Weapon Shoppe.
 24746 | Orc:2    | Found Tiros's Distillery.
 24755 | Orc:2    | Bought a potion of heal wounds for 60 gold pieces
 24755 | Orc:2    | Bought a potion of haste for 120 gold pieces
 24755 | Orc:2    | Bought a potion of curing for 36 gold pieces
 24755 | Orc:2    | Bought a potion of invisibility for 96 gold pieces
 24764 | Orc:2    | Found Daatt's Antique Armour Boutique.
 24778 | Orc:2    | Found a roughly hewn altar of Beogh.
 24790 | Orc:2    | Found Joiton's Book Boutique.
 24819 | Orc:2    | Found Focwing's Distillery.
 24894 | Orc:2    | XOM: noise
 25138 | Orc:2    | Bought a crude chain mail for 256 gold pieces
 25138 | Orc:2    | Identified the +1 chain mail of the Cartwright {*Slow Str+2
                  | Stlth+} (You bought it in a shop on level 2 of the Orcish
                  | Mines)
 25216 | Orc:1    | XOM: give mutation
 25216 | Orc:1    | Lost mutation: Your tail ends in a venomous barb. [Xom's
                  | mischief]
 25251 | Orc:1    | Found a runed translucent door.
 25259 | Orc:1    | Noticed jt's ghost (journeyman CoGl)
 25271 | Orc:1    | XOM: give mutations
 25271 | Orc:1    | Gained mutation: You are agile. (Dex +4, Str/Int -1) [Xom's
                  | grace]
 25271 | Orc:1    | Gained mutation: Your skin changes colour to match your
                  | surroundings (Stealth+). [Xom's grace]
 25271 | Orc:1    | Gained mutation: You are strong-willed. (Will+) [Xom's
                  | grace]
 25271 | Orc:1    | Gained mutation: You are partially covered in large bone
                  | plates. (SH +4) [Xom's grace]
 25290 | Orc:1    | XOM: stat loss: -2 Int (18/20)
 25599 | D:5      | Killed Domino's ghost
 25835 | Spider:1 | Entered Level 1 of the Spider Nest
 26149 | Spider:1 | XOM: give mutations
 26149 | Spider:1 | Lost mutation: Your muscles are very strong. (Str +8,
                  | Int/Dex -2) [Xom's mischief]
 26149 | Spider:1 | Lost mutation: You are partially covered in iridescent
                  | scales. (AC +2) [Xom's mischief]
 26149 | Spider:1 | Lost mutation: You have an increased reservoir of magic.
                  | (+10% MP) [Xom's mischief]
 26149 | Spider:1 | Gained mutation: You are somewhat resistant to further
                  | mutation. [Xom's mischief]
 26323 | Spider:1 | Reached skill level 16 in Fighting
 26348 | Spider:1 | XOM: give mutations
 26348 | Spider:1 | Gained mutation: Your spells are a little harder to cast,
                  | but a little more powerful. [Xom's mischief]
 26348 | Spider:1 | Lost mutation: Your muscles are strong. (Str +4, Int/Dex
                  | -1) [Xom's mischief]
 26348 | Spider:1 | Lost mutation: Your skin changes colour to match your
                  | surroundings (Stealth+). [Xom's mischief]
 26666 | Spider:1 | XOM: stat loss: -3 Dex (11/14)
 26679 | Spider:1 | XOM: summons 2 hostile demons
 26848 | Spider:1 | XOM: give mutations
 26848 | Spider:1 | Lost mutation: You are somewhat resistant to further
                  | mutation. [Xom's mischief]
 26848 | Spider:1 | Lost mutation: You have a small jelly attached to you that
                  | senses nearby items. [Xom's mischief]
 26898 | Spider:1 | XOM: give mutations
 26898 | Spider:1 | Lost mutation: You are partially covered in large bone
                  | plates. (SH +4) [Xom's mischief]
 26898 | Spider:1 | Gained mutation: Your spells are harder to cast, but more
                  | powerful. [Xom's mischief]
 26898 | Spider:1 | Lost mutation: You are covered in fur. (AC +1) [Xom's
                  | mischief]
 26898 | Spider:1 | Gained mutation: You are very agile. (Dex +8, Str/Int -2)
                  | [Xom's mischief]
 27178 | Spider:2 | XOM: chaos cloud
 27216 | Spider:2 | Reached ****** piety under Jiyva
 27216 | Spider:2 | Lost mutation: Your mind is acute. (Int +4, Str/Dex -1)
                  | [Jiyva's grace]
 27216 | Spider:2 | Lost mutation: Your spells are harder to cast, but more
                  | powerful. [Jiyva's grace]
 27216 | Spider:2 | Gained mutation: Your spells are harder to cast, but more
                  | powerful. [Jiyva's grace]
 27216 | Spider:2 | Gained mutation: Your spells are much harder to cast, but
                  | much more powerful. [Jiyva's grace]
 27216 | Spider:2 | Gained mutation: You have a pair of small antennae on your
                  | head. [Jiyva's grace]
 27216 | Spider:2 | Gained mutation: You have a pair of antennae on your head.
                  | [Jiyva's grace]
 27566 | Spider:2 | XOM: polymorph jelly -> hobgoblin
 27566 | Spider:2 | Was forgiven by Xom
 27849 | Slime:1  | Entered Level 1 of the Pits of Slime
 28010 | Spider:3 | Reached XP level 18. HP: 128/183 MP: 18/18
 28416 | Spider:3 | Reached skill level 17 in Fighting
 28712 | Spider:4 | Entered Level 4 of the Spider Nest
 29448 | Spider:4 | Reached skill level 1 in Evocations
 29517 | Spider:4 | Reached XP level 19. HP: 118/195 MP: 19/19
 29676 | Spider:4 | Got a gossamer rune of Zot
 29971 | Spider:4 | Reached skill level 18 in Fighting
 30319 | Lair:2   | Reached skill level 10 in Dodging
 30686 | Lair:2   | Found a staircase to the Swamp.
 31014 | Elf:1    | Entered Level 1 of the Elven Halls
 31249 | Elf:1    | Noticed Norris
 31260 | Elf:1    | Killed Norris
 31397 | Elf:1    | Lost mutation: You are very agile. (Dex +8, Str/Int -2)
                  | [Jiyva's grace]
 31397 | Elf:1    | Lost mutation: You are agile. (Dex +4, Str/Int -1) [Jiyva's
                  | grace]
 31397 | Elf:1    | Lost mutation: You are strong-willed. (Will+) [Jiyva's
                  | grace]
 31397 | Elf:1    | Lost mutation: Your spells are much harder to cast, but
                  | much more powerful. [Jiyva's grace]
 31397 | Elf:1    | Gained mutation: Your translucent skin slightly reduces
                  | your foes' accuracy. (Stealth+) [Jiyva's grace]
 31397 | Elf:1    | Gained mutation: Your translucent skin reduces your foes'
                  | accuracy. (Stealth+) [Jiyva's grace]
 31397 | Elf:1    | Gained mutation: Your transparent skin significantly
                  | reduces your foes' accuracy. (Stealth+) [Jiyva's grace]
 31397 | Elf:1    | Gained mutation: Your movements are slightly less
                  | encumbered by armour. (ER -2) [Jiyva's grace]
 31404 | Elf:1    | Paralysed by an air elemental for 1 turns
 32052 | Slime:5  | Entered Level 5 of the Pits of Slime
 32205 | Slime:5  | Noticed the Royal Jelly
 32215 | Slime:5  | Found a viscous altar of Jiyva.
 32225 | Slime:5  | Identified the +2 hat "Ketakuh" {rN+ Dex+2}
 32226 | Slime:5  | Identified the ring of Laeheow {*Corrode Fly rN+ Int+2}
 32234 | Slime:5  | Got the Incunable of the Queen Bee and Darkness
 32237 | Slime:5  | Identified the +7 short sword of Ambiguity {venom, *Slow
                  | Str+6}
 32238 | Slime:5  | Got a starry gem with 264 turns to spare
 32240 | Slime:5  | Got a slimy rune of Zot
 32241 | Slime:5  | Identified the ring of the Pharaoh's Fist {rC+ rCorr Int+3}
 32244 | Slime:5  | Identified the ring of Creativity {rN+ Int+2}
 32254 | Slime:5  | Identified the staff "Mud Pie of Death" {rElec rF+ Str+2
                  | Air}
 32258 | Slime:5  | Identified the staff "Huethil" {rElec Will+ Dex+3 SInv Air}
 32564 | Swamp:1  | Entered Level 1 of the Swamp
 32650 | Swamp:1  | Identified the serpent talisman "Teku" {+Blink rCorr SInv}
 32650 | Swamp:1  | Noticed Aizul
 32653 | Swamp:1  | Noticed Nikola
 32657 | Swamp:1  | Killed Aizul
 32664 | Swamp:1  | Killed Nikola
 32665 | Swamp:1  | Reached skill level 5 in Evocations
 34198 | Swamp:4  | Entered Level 4 of the Swamp
 34228 | Swamp:4  | Lost mutation: Your spells are harder to cast, but more
                  | powerful. [Jiyva's grace]
 34228 | Swamp:4  | Lost mutation: Your spells are a little harder to cast, but
                  | a little more powerful. [Jiyva's grace]
 34228 | Swamp:4  | Lost mutation: Your gelatinous body deflects attacks. (AC
                  | +3, EV +3) [Jiyva's grace]
 34228 | Swamp:4  | Lost mutation: Your pliable body absorbs attacks. (AC +2,
                  | EV +2) [Jiyva's grace]
 34228 | Swamp:4  | Lost mutation: Your movements are slightly less encumbered
                  | by armour. (ER -2) [Jiyva's grace]
 34228 | Swamp:4  | Gained mutation: Your pliable body absorbs attacks. (AC +2,
                  | EV +2) [Jiyva's grace]
 34228 | Swamp:4  | Gained mutation: Your gelatinous body deflects attacks. (AC
                  | +3, EV +3) [Jiyva's grace]
 34228 | Swamp:4  | Gained mutation: You passively map a small area around you.
                  | [Jiyva's grace]
 34228 | Swamp:4  | Gained mutation: You passively map the area around you.
                  | [Jiyva's grace]
 34235 | Swamp:4  | Reached skill level 19 in Fighting
 34253 | Swamp:3  | Reached XP level 20. HP: 62/208 MP: 20/20
 34509 | Swamp:4  | Noticed the 27-headed Lernaean hydra
 34516 | Swamp:4  | Killed the 27-headed Lernaean hydra
 34690 | Swamp:4  | Got a decaying rune of Zot
 35187 | Elf:2    | Paralysed by an air elemental for 1 turns
 35508 | Elf:2    | Found a runed translucent gate.
 35508 | Elf:2    | Found a runed translucent gate.
 35918 | Elf:2    | Found a runed translucent gate.
 36197 | Elf:2    | HP: 1/211 [deep elf zephyrmancer/bolt of lightning (30)]
 36459 | Elf:3    | Entered Level 3 of the Elven Halls
 36467 | Elf:3    | Reached skill level 10 in Evocations
 36471 | Elf:3    | Noticed Bai Suzhen
 36473 | Elf:3    | Reached skill level 20 in Fighting
 36553 | Elf:2    | HP: 9/211 [Bai Suzhen] (7)]
 36557 | Elf:2    | HP: 1/211 [Bai Suzhen] (11)]
 36558 | Elf:2    | Killed Bai Suzhen
 36980 | Elf:3    | Noticed Louise
 36999 | Elf:3    | Killed Louise
 37269 | Vaults:1 | Entered Level 1 of the Vaults
 37340 | Vaults:1 | Identified the +7 spear of Evil {flame, Int+5 Dex+6}
 37382 | Vaults:1 | Reached XP level 21. HP: 219/219 MP: 21/21
 37440 | Vaults:1 | Reached skill level 10 in Shields
 37628 | Vaults:1 | Identified the +3 robe "Xyovouck" {rN++ rCorr Dex-3}
 37628 | Vaults:1 | Noticed Boris
 37647 | Vaults:1 | Killed Boris
 37647 | Vaults:1 | Noticed Saint Roka
 37662 | Vaults:1 | Killed Saint Roka
 38136 | Vaults:1 | Lost mutation: You passively map the area around you.
                  | [Jiyva's grace]
 38136 | Vaults:1 | Lost mutation: Your gelatinous body deflects attacks. (AC
                  | +3, EV +3) [Jiyva's grace]
 38136 | Vaults:1 | Lost mutation: Your transparent skin significantly reduces
                  | your foes' accuracy. (Stealth+) [Jiyva's grace]
 38136 | Vaults:1 | Lost mutation: Your translucent skin reduces your foes'
                  | accuracy. (Stealth+) [Jiyva's grace]
 38136 | Vaults:1 | Gained mutation: You have a pair of large antennae on your
                  | head. (SInv) [Jiyva's grace]
 38136 | Vaults:1 | Gained mutation: You expend magic power (3 MP) to
                  | strengthen your wands. [Jiyva's grace]
 38136 | Vaults:1 | Gained mutation: You are strong-willed. (Will+) [Jiyva's
                  | grace]
 38136 | Vaults:1 | Gained mutation: You are highly strong-willed. (Will++)
                  | [Jiyva's grace]
 38352 | Vaults:1 | Got the Vademecum on Spectres and Takwin
 39330 | Vaults:2 | Found Gozag's Assorted Antiques.
 39335 | Vaults:2 | Found an opulent altar of Gozag.
 39335 | Vaults:2 | Found Gozag's Antique Armour Shop.
 39385 | Vaults:2 | Found Gozag's Antique Weapon Boutique.
 39497 | Vaults:2 | Noticed Donald
 39549 | Vaults:2 | Killed Donald
 39598 | Vaults:2 | Found a white marble altar of Elyvilon.
 39965 | Vaults:2 | Lost mutation: You have a pair of large antennae on your
                  | head. (SInv) [Jiyva's grace]
 39965 | Vaults:2 | Lost mutation: You have a pair of antennae on your head.
                  | [Jiyva's grace]
 39965 | Vaults:2 | Lost mutation: You are highly strong-willed. (Will++)
                  | [Jiyva's grace]
 39965 | Vaults:2 | Lost mutation: You are strong-willed. (Will+) [Jiyva's
                  | grace]
 39965 | Vaults:2 | Gained mutation: You are somewhat resistant to further
                  | mutation. [Jiyva's grace]
 39965 | Vaults:2 | Gained mutation: You are somewhat resistant to both further
                  | mutation and mutation removal. [Jiyva's grace]
 39965 | Vaults:2 | Gained mutation: You are almost entirely resistant to
                  | further mutation and mutation removal. [Jiyva's grace]
 39965 | Vaults:2 | Gained mutation: Your body has grown eyes which may confuse
                  | attackers. (Acc +3) [Jiyva's grace]
 40363 | Vaults:3 | Reached XP level 22. HP: 117/228 MP: 22/22
 40538 | Vaults:3 | Found Wairar's Antique Armour Shop.
 40552 | Vaults:3 | Bought shiny gold dragon scales for 2241 gold pieces
 40961 | Vaults:3 | Found a staircase to the Crypt.
 41433 | Vaults:4 | Noticed Jory
 41440 | Vaults:4 | Noticed an ancient lich
 41450 | Vaults:4 | Killed Jory
 41591 | Vaults:4 | Found a transporter.
 41591 | Vaults:4 | Noticed Ynkabiuw's ghost (adept TrCK)
 41592 | Vaults:4 | Noticed a dread lich
 41638 | Vaults:4 | Found a transporter.
 41935 | Vaults:4 | Identified the +3 leather armour "Gilywus" {Int+2}
 42069 | Vaults:4 | Killed an ancient lich
 42671 | Depths:1 | Entered Level 1 of the Depths
 42758 | Depths:1 | Found a gateway to Hell.
 43044 | Depths:1 | Found a one-way gate leading to the halls of Pandemonium.
 43151 | Depths:1 | Gained mutation: Your gelatinous body deflects attacks. (AC
                  | +3, EV +3) [Jiyva's grace]
 43151 | Depths:1 | Gained mutation: Armour fits poorly on your pseudopods.
                  | [Jiyva's grace]
 43151 | Depths:1 | Gained mutation: Armour fits poorly on your large
                  | pseudopods. [Jiyva's grace]
 43151 | Depths:1 | Gained mutation: Armour fits poorly on your massive
                  | pseudopods. [Jiyva's grace]
 43161 | Depths:1 | Found a shimmering blue altar of Sif Muna.
 43740 | Depths:2 | Found a stormy altar of Qazlal.
 43847 | Depths:2 | Reached XP level 23. HP: 237/237 MP: 23/23
 43909 | Depths:2 | Found a one-way gate to the infinite horrors of the Abyss.
 44079 | Depths:2 | Reached skill level 15 in Shields
 44730 | Depths:3 | Found a one-way gateway to a ziggurat.
 44886 | Depths:3 | Reached skill level 21 in Fighting
 44961 | Depths:3 | Found the +2 hood of the Assassin {Detect Stab+ Stlth++}
 45098 | Depths:3 | Noticed an ancient lich
 45111 | Depths:3 | Killed an ancient lich
 45234 | Depths:3 | Noticed a golden dragon
 45251 | Depths:3 | Killed a golden dragon
 45680 | Depths:4 | Entered Level 4 of the Depths
 45703 | Depths:4 | Lost mutation: Your gelatinous body deflects attacks. (AC
                  | +3, EV +3) [Jiyva's grace]
 45703 | Depths:4 | Gained mutation: You are resistant to electric shocks.
                  | (rElec) [Jiyva's grace]
 45703 | Depths:4 | Gained mutation: You are partially covered in iridescent
                  | scales. (AC +2) [Jiyva's grace]
 45703 | Depths:4 | Gained mutation: You are mostly covered in iridescent
                  | scales. (AC +4) [Jiyva's grace]
 45703 | Depths:4 | Gained mutation: You are completely covered in iridescent
                  | scales. (AC +6) [Jiyva's grace]
 46047 | Depths:4 | Noticed a golden dragon
 46057 | Depths:4 | Noticed a golden dragon
 46064 | Depths:4 | Killed a golden dragon
 46072 | Depths:4 | Killed a golden dragon
 46200 | Depths:4 | Found a gate to the Realm of Zot.
 46221 | Depths:4 | Reached XP level 24. HP: 236/249 MP: 23/23
 47704 | D:7      | Found a transporter.
 47713 | D:7      | Killed zkyp's ghost
 48369 | Elf:3    | Reached skill level 15 in Armour
 48426 | Elf:3    | Identified the amulet of Ivudgh {Spirit rElec rPois rC-
                  | Str+4}
 48429 | Elf:3    | Reached skill level 15 in Evocations
 48437 | Elf:3    | Identified the +7 chain mail of Demons {Fly Str+2 Dex+3}
 48437 | Elf:3    | Identified the ring of Zin's Approval {Fly rPois rC+
                  | Slay+4}
 48447 | Elf:3    | Identified the staff of War {rC+ rCorr Str+3 Int+2 Ice}
 48644 | Elf:3    | Got Sif Muna's Textbook on the Blaze
 48669 | Elf:3    | Identified the +5 shortbow of World Downfall {speed, Dex+2
                  | Stlth+}
 48708 | Elf:3    | Identified the +0 cloak of Xom's Grace {rElec rC+++ Str+3
                  | Dex-5}
 48725 | Elf:3    | Identified the +3 orcbow "Spider's Doom" {drain, rF+ Int-4
                  | Dex+4}
 48730 | Elf:3    | Identified the staff "Motz" {rPois Str+5 Alchemy}
 48906 | Elf:3    | Noticed Asterion
 48917 | Elf:3    | Killed Asterion
 49463 | Vaults:5 | Entered Level 5 of the Vaults
 49472 | Vaults:5 | Noticed a dread lich
 49486 | Vaults:5 | Noticed a dread lich
 49486 | Vaults:5 | Noticed a dread lich
 49488 | Vaults:5 | Killed a dread lich
 49489 | Vaults:5 | Reached skill level 22 in Fighting
 49509 | Vaults:4 | Killed a dread lich
 49511 | Vaults:4 | Killed a dread lich
 49553 | Vaults:5 | Noticed a dread lich
 49579 | Vaults:4 | Killed a dread lich
 49605 | Vaults:4 | Reached XP level 25. HP: 78/253 MP: 20/23
 49719 | Vaults:4 | Killed a dread lich
 49918 | Vaults:5 | Identified the staff of the Realm of Zot {^Fragile +Blink
                  | rElec rF+++ Tloc Air}
 50278 | Vaults:5 | Lost mutation: You have a pair of small antennae on your
                  | head. [Jiyva's grace]
 50278 | Vaults:5 | Lost mutation: You are completely covered in iridescent
                  | scales. (AC +6) [Jiyva's grace]
 50278 | Vaults:5 | Lost mutation: You are mostly covered in iridescent scales.
                  | (AC +4) [Jiyva's grace]
 50278 | Vaults:5 | Lost mutation: You are almost entirely resistant to further
                  | mutation and mutation removal. [Jiyva's grace]
 50278 | Vaults:5 | Lost mutation: You are somewhat resistant to both further
                  | mutation and mutation removal. [Jiyva's grace]
 50278 | Vaults:5 | Lost mutation: You have acidic saliva. [Jiyva's grace]
 50278 | Vaults:5 | Lost mutation: Your pliable body absorbs attacks. (AC +2,
                  | EV +2) [Jiyva's grace]
 50278 | Vaults:5 | Lost mutation: Armour fits poorly on your massive
                  | pseudopods. [Jiyva's grace]
 50278 | Vaults:5 | Gained mutation: You are covered in slimy tendrils that may
                  | disarm your opponents. [Jiyva's grace]
 50278 | Vaults:5 | Gained mutation: Your mind is acute. (Int +4, Str/Dex -1)
                  | [Jiyva's grace]
 50278 | Vaults:5 | Gained mutation: Your mind is very acute. (Int +8, Str/Dex
                  | -2) [Jiyva's grace]
 50278 | Vaults:5 | Gained mutation: You possess an exceptional clarity of
                  | mind. [Jiyva's grace]
 50363 | Vaults:5 | Identified the +6 long sword of Dixzoer {venom, rF++}
 50585 | Vaults:5 | Got a silver rune of Zot
 51178 | Zot:1    | Entered Level 1 of the Realm of Zot
 51861 | Crypt:1  | Entered Level 1 of the Crypt
 52005 | Crypt:1  | Lost mutation: You are partially covered in iridescent
                  | scales. (AC +2) [Jiyva's grace]
 52005 | Crypt:1  | Lost mutation: Your body has grown eyes which may confuse
                  | attackers. (Acc +3) [Jiyva's grace]
 52005 | Crypt:1  | Lost mutation: Your rubbery body absorbs attacks. (AC +1,
                  | EV +1) [Jiyva's grace]
 52005 | Crypt:1  | Lost mutation: Armour fits poorly on your large pseudopods.
                  | [Jiyva's grace]
 52005 | Crypt:1  | Lost mutation: You expend magic power (3 MP) to strengthen
                  | your wands. [Jiyva's grace]
 52005 | Crypt:1  | Gained mutation: You are partially covered in iridescent
                  | scales. (AC +2) [Jiyva's grace]
 52005 | Crypt:1  | Gained mutation: You are mostly covered in iridescent
                  | scales. (AC +4) [Jiyva's grace]
 52005 | Crypt:1  | Gained mutation: You are completely covered in iridescent
                  | scales. (AC +6) [Jiyva's grace]
 52005 | Crypt:1  | Gained mutation: Your rubbery body absorbs attacks. (AC +1,
                  | EV +1) [Jiyva's grace]
 53083 | Crypt:2  | Identified the +1 long sword of Contention {antimagic,
                  | rPois rF- Will+ Dex+2}
 53327 | Crypt:2  | Noticed Margery
 53338 | Crypt:2  | Killed Margery
 53534 | Crypt:2  | Lost mutation: Your mind is very acute. (Int +8, Str/Dex
                  | -2) [Jiyva's grace]
 53534 | Crypt:2  | Lost mutation: You passively map a small area around you.
                  | [Jiyva's grace]
 53534 | Crypt:2  | Lost mutation: You are covered in slimy tendrils that may
                  | disarm your opponents. [Jiyva's grace]
 53534 | Crypt:2  | Gained mutation: You have a beak for a mouth. [Jiyva's
                  | grace]
 53534 | Crypt:2  | Gained mutation: Armour fits poorly on your large
                  | pseudopods. [Jiyva's grace]
 53534 | Crypt:2  | Gained mutation: Armour fits poorly on your massive
                  | pseudopods. [Jiyva's grace]
 53534 | Crypt:2  | Gained mutation: You have acidic saliva. [Jiyva's grace]
 54578 | Elf:3    | Noticed Mara
 54583 | Elf:3    | Noticed MagicSucks's illusion
 54588 | Elf:3    | Noticed MagicSucks's illusion
 54603 | Elf:3    | Killed Mara
 54604 | Elf:3    | Reached skill level 23 in Fighting
 55051 | Crypt:3  | Entered Level 3 of the Crypt
 55252 | Crypt:3  | Reached XP level 26. HP: 152/273 MP: 23/23
 55326 | Crypt:3  | Found a staircase to the Tomb.
 55348 | Tomb:1   | Entered Level 1 of the Tomb of the Ancients
 55506 | Crypt:3  | Identified the orb "Tiraqaj" {mayhem, Regen+ Summ}
 55518 | Crypt:3  | Found a shimmering blue altar of Sif Muna.
 55603 | Crypt:3  | Got the Anthology of Beckoning
 55852 | Crypt:3  | Found the +13 sword of the Doom Knight {doom -Cast ^Drain
                  | Will+}
 55854 | Crypt:3  | Noticed a dread lich
 55855 | Crypt:3  | Noticed a dread lich
 55860 | Crypt:3  | Identified the ring of Qazlal's Envy {rPois rN++ Will+
                  | Str-2 Dex+3}
 55860 | Crypt:3  | Identified the ring "Xyelyc" {rN++ Will- Str+3 Int+2 Dex+6}
 55864 | Crypt:3  | Identified the ring "Qeaqip Zil" {*Slow rPois Will+ Dex+5}
 55952 | Crypt:3  | Killed a dread lich
 55957 | Crypt:3  | Killed a dread lich
 57091 | Zot:1    | Lost mutation: You are completely covered in iridescent
                  | scales. (AC +6) [Jiyva's grace]
 57091 | Zot:1    | Lost mutation: Your mind is acute. (Int +4, Str/Dex -1)
                  | [Jiyva's grace]
 57091 | Zot:1    | Lost mutation: You are resistant to electric shocks.
                  | (rElec) [Jiyva's grace]
 57091 | Zot:1    | Lost mutation: Armour fits poorly on your massive
                  | pseudopods. [Jiyva's grace]
 57091 | Zot:1    | Gained mutation: Your body has grown eyes which may confuse
                  | attackers. (Acc +3) [Jiyva's grace]
 57091 | Zot:1    | Gained mutation: Your body has grown many eyes which may
                  | confuse attackers. (Acc +5) [Jiyva's grace]
 57091 | Zot:1    | Gained mutation: Your body is covered in eyes which may
                  | confuse attackers. (Acc +7, SInv) [Jiyva's grace]
 57091 | Zot:1    | Gained mutation: Your spells are a little harder to cast,
                  | but a little more powerful. [Jiyva's grace]
 57975 | Zot:2    | Noticed an orb of fire
 57982 | Zot:2    | Gained mutation: You are frail. (-10% HP) [an orb of fire]
 57993 | Zot:2    | Killed an orb of fire
 58057 | Zot:2    | Identified the storm talisman "Morav" {rN+}
 58707 | Zot:3    | Reached XP level 27. HP: 219/255 MP: 23/23
 58819 | Zot:3    | Reached skill level 24 in Fighting
 59671 | Zot:4    | Lost mutation: You are mostly covered in iridescent scales.
                  | (AC +4) [Jiyva's grace]
 59671 | Zot:4    | Lost mutation: You are somewhat resistant to further
                  | mutation. [Jiyva's grace]
 59671 | Zot:4    | Lost mutation: Your body is covered in eyes which may
                  | confuse attackers. (Acc +7, SInv) [Jiyva's grace]
 59671 | Zot:4    | Lost mutation: Your body has grown many eyes which may
                  | confuse attackers. (Acc +5) [Jiyva's grace]
 59671 | Zot:4    | Gained mutation: You are partially covered in large bone
                  | plates. (SH +4) [Jiyva's grace]
 59671 | Zot:4    | Gained mutation: You are mostly covered in large bone
                  | plates. (SH +6) [Jiyva's grace]
 59671 | Zot:4    | Gained mutation: You are completely covered in large bone
                  | plates. (SH +8) [Jiyva's grace]
 59671 | Zot:4    | Gained mutation: Your pliable body absorbs attacks. (AC +2,
                  | EV +2) [Jiyva's grace]
 59920 | Zot:5    | Entered Level 5 of the Realm of Zot
 59946 | Zot:4    | Found a transporter.
 59948 | Zot:4    | Noticed Uzask's ghost (master HuWn)
 59973 | Zot:4    | Found a transporter.
 60461 | Zot:5    | Noticed an ancient lich
 60461 | Zot:5    | Noticed an orb of fire
 60461 | Zot:5    | Noticed a dread lich
 61470 | Zot:5    | Killed an orb of fire
 61514 | Zot:5    | Noticed an ancient lich
 61529 | Zot:5    | Killed an ancient lich
 61610 | Zot:5    | Noticed an ancient lich
 61611 | Zot:5    | Noticed an ancient lich
 61620 | Zot:5    | Killed an ancient lich
 61629 | Zot:5    | Killed an ancient lich
 62019 | Zot:5    | Killed an ancient lich
 62056 | Zot:5    | Noticed an orb of fire
 62059 | Zot:5    | Gained mutation: You occasionally shout uncontrollably at
                  | your foes. [an orb of fire]
 62068 | Zot:5    | Killed an orb of fire
 62072 | Zot:5    | Noticed a dread lich
 62083 | Zot:5    | Killed a dread lich
 62084 | Zot:5    | Noticed a dread lich
 62090 | Zot:5    | Killed a dread lich
 62199 | Zot:5    | Lost mutation: You are partially covered in iridescent
                  | scales. (AC +2) [Jiyva's grace]
 62199 | Zot:5    | Lost mutation: You are completely covered in large bone
                  | plates. (SH +8) [Jiyva's grace]
 62199 | Zot:5    | Lost mutation: Your translucent skin slightly reduces your
                  | foes' accuracy. (Stealth+) [Jiyva's grace]
 62199 | Zot:5    | Gained mutation: You have a small jelly attached to you
                  | that senses nearby items. [Jiyva's grace]
 62199 | Zot:5    | Gained mutation: Your gelatinous body deflects attacks. (AC
                  | +3, EV +3) [Jiyva's grace]
 62199 | Zot:5    | Gained mutation: You are completely covered in large bone
                  | plates. (SH +8) [Jiyva's grace]
 62199 | Zot:5    | Gained mutation: You can exhale a cloud of poison. [Jiyva's
                  | grace]
 62450 | Zot:5    | Reached skill level 25 in Fighting
 62472 | Zot:5    | Killed a dread lich
 62513 | Zot:5    | Got the Orb of Zot
 62870 | Depths:1 | Noticed Noof the pandemonium lord
 63273 | D:4      | Noticed Qial the pandemonium lord
 63495 | D:3      | Noticed a seraph
 63696 | D:1      | Noticed Betzapp the pandemonium lord
 63697 | D:$      | Escaped with the Orb!

Illustrated notes

Levels and vault maps discovered:
D:1:      dpeg_arrival_caged_fury, layout_rooms, feat_on_display
D:2:      layout_basic
D:3:      minmay_roachtagon, layout_loops_cross, nemelex_diamond_rough_becter,
          uniq_robin, uniq_natasha
D:4:      layout_basic, minmay_starry_boxes
D:5:      layout_cave_pods, mainiacjoe_overflow_concentric_impassable,
          minmay_temple_entry_glass, hellmonk_ghost_happy_afterlife,
          minmay_gold_behind_fungi, lightli_minifort
D:6:      layout_basic, general_overflow_altar, kennysheep_okawaru_gauntlet
D:7:      minmay_evil_eye, layout_basic, gammafunk_ghost_smash, serial_shops,
          shop, uniq_maurice, uniq_menkaure
D:8:      layout_loops_cross, enter_bailey_4, corner_web_ring, uniq_amaemon,
          uniq_joseph
D:9:      layout_cave_pools
D:10:     layout_layer_cave, grunt_lair_entry_orc_guard_hut, serial_shops,
          nicolae_shop_gibbet_a_chance, minmay_misc_feat_tiny
D:11:     layout_layer_cave, hiddenorc2_lemuel, uniq_fannar
D:12:     layout_basic, minmay_misc_feat_square, st_stairs_1, minivault_4,
          introduction_to_nature_2, uniq_rupert, uniq_azrael
D:13:     layout_grid_maze
D:14:     layout_roguey, david_vaults_4, nicolae_kite_square_tiling_tiny,
          uniq_josephine
D:15:     grunt_enter_depths_snipers, layout_long_grid, xom_redecorated
Lair:1:   layout_small_grid, beast_lair_carwin_5, uniq_nergalle
Lair:2:   layout_regular_city, nicolae_swamp_entry_splash_gauntlet,
          gauntlet_entry_generic, portal_ice_cave_entry_pillars_2,
          nicolae_volcano_entry_s_turn, serial_bayou_shore_a
Lair:3:   layout_regular_city, nicolae_spider_entry_lesser_pyramids,
          forest_entry_grove, uniq_gastronok
Lair:4:   layout_small_grid, grunt_megastairs_3
Lair:5:   hangedman_lair_caniforms_friends, layout_small_grid,
          hangedman_lair_tendril_chambers, slime_entry_1
Swamp:1:  layout_basic_swamp, evilmike_swamp_ruin_house_4, uniq_nikola,
          uniq_aizul
Swamp:2:  layout_basic_swamp, nicolae_swamp_bean_lake
Swamp:3:  layout_basic_swamp, evilmike_swamp_ruin_house_3
Swamp:4:  grunt_swamp_rune_castle, layout_basic_swamp
Spider:1: layout_spider_delve, nicolae_spider_world_wide_web
Spider:2: layout_spider_delve
Spider:3: layout_spider_delve, drop_trap
Spider:4: hellmonk_spider_rune_bug_friends, hellmonk_narrow_tunnel
Slime:1:  layout_caves
Slime:2:  layout_caves
Slime:3:  layout_caves
Slime:4:  layout_caves
Slime:5:  slime_pit_nicolae_royal_road_to_ruin
Orc:1:    layout_caves, ebering_ghost_inner_flame
Orc:2:    st_orc_town, layout_caves, serial_shops, shop
Elf:1:    eino_elf_arrival_sip, layout_gridlike, minmay_elf_crystal_heptagon,
          uniq_norris
Elf:2:    elven_hall_of_blades_hangedman_original
          [nicolae_vaults_blade_armed_guards], layout_loops_ring
Elf:3:    minmay_elf_hall_not_hex, layout_geoelf_castle, grunt_megastairs_2,
          uniq_asterion, uniq_mara, uniq_bai_suzhen, uniq_louise
Vaults:1: nicolae_vaults_sightless_eye, nicolae_vaults_ring_of_whatevers,
          nicolae_vaults_door_testing_chamber, v_misc_8, v_misc_12,
          nicolae_vaults_closet_pinwheel_6, nicolae_vaults_alarming,
          nicolae_vaults_library_corner, nicolae_vaults_surprise_closet,
          layout_vaults_quadrants, uniq_boris, uniq_saint_roka
Vaults:2: hangedman_vaults_capsules, v_rooms_2,
          nicolae_vaults_mini_display_case, vaults_room_ringed_pool,
          hangedman_vaults_pinch, kennysheep_vaults_gozag_temple,
          lemuel_angel_altar, hangedman_vaults_variations,
          ontoclasm_vaults_ligature, nicolae_vaults_tetromino_T_2,
          hangedman_vaults_impose, nicolae_vaults_stepped_doors,
          nicolae_vaults_apartment_1, nicolae_vaults_angled_halls,
          vaults_room_pool, nicolae_vaults_tetromino_T_1,
          layout_vaults_big_cross, uniq_donald
Vaults:3: minmay_crypt_entry_simple_round, hangedman_vaults_slither,
          nicolae_vaults_diamond_2, v_misc_8, v_misc_2,
          nicolae_vaults_wine_cellar, nicolae_vaults_shipping_containers_7,
          hangedman_vaults_stretched_pinwheel, v_misc_4,
          nicolae_vaults_frosty_reception, nicolae_vaults_storage_room_water,
          nicolae_vaults_little_squares_1, nicolae_vaults_little_squares_6,
          layout_vaults_ring, serial_shops, shop
Vaults:4: gammafunk_ghost_mausoleum, ontoclasm_vaults_bender,
          nicolae_vaults_triangles, nicolae_vaults_yaktaur_gun_rack,
          nicolae_vaults_house_3, grunt_vaults_funnel,
          nicolae_vaults_tetromino_T_1, v_rooms_6, ontoclasm_vaults_fault,
          nicolae_vaults_tangram_1, nicolae_vaults_tangram_1,
          nicolae_vaults_trapezoid_lopsided_1, vaults_room_guarded_vault,
          layout_vaults_maze_snakey, uniq_jory
Vaults:5
Crypt:1:  layout_basic, grunt_megastairs_5
Crypt:2:  layout_misc_corridors, nicolae_crypt_fancy_cubbyholes,
          lemuel_freeze_loot_1, uniq_margery
Crypt:3:  david_glass_crypt, layout_gridlike, hangedman_summoners_spam
Tomb:1
Depths:1: layout_gridlike, serial_curves, eino_curves_01, eino_curves_04,
          grunt_hell_horde, rand_demon_pan_entry_7, minmay_misc_feat_five,
          kennysheep_another_room, tgw_sif, serial_bayou_shore_b
Depths:2: nzn_winding_woodlands_three_and_one
          [nzn_winding_woodlands_5x15_zeroes,
          nzn_winding_woodlands_5x15_longhouse, nzn_winding_woodlands_5x15_pool,
          nzn_winding_woodlands_center_triple_pond], layout_gridlike,
          abyss_entry, nicolae_qazlal_style_of_elements, hell_entry,
          grunt_pan_entry_zigzag, infiniplex_staircase_door_maze
Depths:3: nicolae_hexawheel, layout_cave_pools, enter_ziggurat_f, abyss_entry,
          hell_entry
Depths:4: grunt_twist_and_shout, layout_basic, minmay_door_square, hell_entry,
          kennysheep_doodads, small_chamber_with_monster, solitary_fountain
Zot:1:    kennysheep_oblong_rooms, layout_twisted_circle
Zot:2:    layout_twisted_circle, skrybe_zot_glass_1
Zot:3:    layout_onion, regret_index_zotdec_misc_clamp,
          regret_index_zotdec_abyssal_star_handed, st_stairs_5,
          guppyfry_library_mini
Zot:4:    layout_twisted_circle, gammafunk_ghost_arena, lemuel_elevator
Zot:5:    layout_onion

Skill      XL: |  1  2  3  4  5  6  7  8  9 10 11 12 13 14 15 16 17 18 19 20 21 22 23 24 25 26 27 |
---------------+----------------------------------------------------------------------------------+-----
Armour         | 2 3 4 5 7 8 9 10 11 12 14 16 18 19 22 | 22.0
Fighting       | 4 5 6 9 10 11 12 13 14 15 16 17 19 20 21 22 23 25 | 25.1
Shields        | 1 2 3 7 9 12 14 15 | 15.0
Axes           | 4 5 7 11 | 11.6
Long Blades    | 1 6 9 12 14 16 | 16.0
Dodging        | 3 4 7 9 11 12 14 | 14.4
Evocations     | 1 7 10 12 13 14 16 17 18 20 | 20.2

Action                     |  1- 3 |  4- 6 |  7- 9 | 10-12 | 13-15 | 16-18 | 19-21 | 22-24 | 25-27 || total
---------------------------+-------+-------+-------+-------+-------+-------+-------+-------+-------++-------
  Melee: Hand axe          |    62 |   160 |    24 |       |       |       |       |       |       ||   246
         Dagger            |    28 |       |       |       |       |       |       |       |       ||    28
         War axe           |       |       |   184 |   161 |       |    17 |    51 |       |       ||   413
         Double sword      |       |       |       |   286 |   701 |   867 |  1223 |  1139 |  1770 ||  5986
         Constrict         |       |       |       |       |   144 |   236 |   245 |   217 |   318 ||  1160
         Bite              |       |       |       |       |       |   170 |   270 |   262 |   386 ||  1088
         Pseudopods        |       |       |       |       |       |       |       |   294 |   768 ||  1062
         Peck              |       |       |       |       |       |       |       |       |   623 ||   623
 Invoke: Oozemancy         |       |       |       |       |       |     3 |     1 |    11 |    11 ||    26
         Slimify           |       |       |       |       |       |       |       |       |     1 ||     1
Ability: Spit Poison       |     1 |     8 |    10 |       |       |       |     1 |       |       ||    20
  Evoke: Wand              |       |     1 |       |    10 |    10 |     1 |     6 |    10 |    18 ||    56
         Box of beasts     |       |       |       |     2 |     1 |       |     2 |     1 |     1 ||     7
         Phantom mirror    |       |       |       |       |       |       |     2 |     2 |     1 ||     5
         Lightning rod     |       |       |       |       |       |       |     1 |    11 |    14 ||    26
    Use: Scroll            |       |       |    16 |    10 |     8 |     4 |     5 |     9 |    22 ||    74
         Potion            |       |       |     9 |     3 |     4 |       |     8 |     2 |    15 ||    41
   Stab: Held in net/web   |       |       |     1 |       |       |       |       |       |       ||     1
         Paralysed         |       |       |     1 |       |       |       |       |       |       ||     1
         Confused          |       |       |       |     3 |       |       |       |     4 |    12 ||    19
         Distracted        |       |       |       |     1 |       |     2 |     1 |     1 |     1 ||     6
         Petrifying        |       |       |       |       |     1 |       |       |       |       ||     1
         Invisible         |       |       |       |       |       |       |       |     3 |       ||     3
 Armour: Leather armour    |    58 |   103 |   293 |   212 |       |       |       |       |       ||   666
         Skin              |       |       |       |    17 |       |       |       |       |       ||    17
         Quicksilver drago |       |       |       |   388 |  1077 |  1017 |  1337 |    11 |       ||  3830
         Gold dragon scale |       |       |       |       |       |       |       |  1189 |  2327 ||  3516
  Dodge: Dodged            |    45 |    46 |    94 |   179 |   233 |   489 |   707 |   166 |   313 ||  2272
  Block: Buckler           |     3 |    23 |    67 |   126 |   159 |   187 |       |       |       ||   565
         Kite shield       |       |       |       |       |       |   320 |   626 |    73 |  1327 ||  2346
         Tower shield      |       |       |       |       |       |       |   223 |   841 |       ||  1064

Table legend: (Time is in decaauts)
 A = Elapsed time spent in this place.
 B = Non-inter-level travel time spent in this place.
 C = Inter-level travel time spent in this place.
 D = Time resting spent in this place.
 E = Time spent auto-exploring this place.
 F = Levels seen in this place.
 G = Mean time per level.
                   A        B        C        D        E       F      G
               +--------+--------+--------+--------+--------+-----+--------+
         Total |  81281 |  69764 |  11517 |   6803 |  47839 |  58 | 1401.4 |
       Dungeon |  24884 |  21371 |   3513 |   2671 |  15114 |  15 | 1658.9 |
          Lair |   9515 |   8200 |   1315 |    793 |   6097 |   5 | 1903.0 |
         Swamp |   3002 |   2786 |    216 |    161 |   1976 |   4 |  750.5 |
   Spider Nest |   5473 |   4865 |    608 |    169 |   3424 |   4 | 1368.2 |
    Slime Pits |    645 |    559 |     86 |      0 |    433 |   5 |  129.0 |
  Orcish Mines |   2740 |   1716 |   1024 |     53 |   1269 |   2 | 1370.0 |
   Elven Halls |   5438 |   4588 |    850 |    511 |   2852 |   3 | 1812.7 |
        Vaults |  10570 |   7939 |   2631 |    403 |   5837 |   5 | 2114.0 |
         Crypt |   4146 |   3881 |    265 |    198 |   2821 |   3 | 1382.0 |
          Tomb |    114 |    114 |      0 |    104 |      0 |   1 |  114.0 |
        Depths |   6124 |   5502 |    622 |    119 |   4110 |   4 | 1531.0 |
           Zot |   7699 |   7316 |    383 |   1427 |   3549 |   5 | 1539.8 |
        Bailey |    348 |    348 |      0 |     52 |    163 |   1 |  348.0 |
      Gauntlet |    577 |    577 |      0 |    139 |    189 |   1 |  577.0 |
               +--------+--------+--------+--------+--------+-----+--------+

Top non-repeatable levels by time:
  Lair:5: 2932 daAuts
Vaults:1: 2878 daAuts
    D:11: 2373 daAuts
Vaults:2: 2293 daAuts
    D:10: 2272 daAuts
    D:12: 2158 daAuts
Vaults:4: 2074 daAuts
   Orc:2: 2026 daAuts
     D:5: 2015 daAuts
   Elf:2: 2009 daAuts
   Elf:3: 1999 daAuts
     D:4: 1998 daAuts
Vaults:3: 1998 daAuts
  Lair:3: 1859 daAuts
  Lair:4: 1822 daAuts
